AoeStats
← Sanguinius7193

MegaRandom

510899286Analyzed
4v4 RM · 12h ago on Oct 3, 2026· 49m 27s· 8 players
Game mode
Random Map
Map size
Large (8 player)
Population
200
Speed
Normal
Resources
Standard
Victory
Conquest
Starting age
Dark Age
Ending age
Imperial Age
RankedLock teamsTeams togetherTeam positionsShared explorationLock speedFull tech treeHidden civsTurbo modeCheats
Victory
Defeat
🇲🇽 Georgians · Mexico
1033
+13
🇦🇷 Persians · Argentina
1033
+13
🇩🇴 Huns · Dominican Republic
1015
+14
🇺🇸 Magyars · United States
984
+15
🇨🇦 Georgians · Canada
998
-14
🇨🇦 Goths · Canada
988
-14
🇵🇪 Celts · Peru
965
-14
🇺🇸 Japanese · United States
948
-13
King Conqueror
0:36 Loom
15:10 Feudal Age
16:29 Wheelbarrow
17:34 Double-Bit Axe
22:38 Castle Age
20:44 Horse Collar
21:28 Stone Mining
21:48 Gold Mining
24:19 Heavy Plow
24:32 Bow Saw
29:27 Bloodlines
29:17 Husbandry
29:11 Fletching
29:32 Forging
30:40 Hand Cart
32:39 Iron Casting
35:30 Imperial Age
34:19 Svan Towers
36:17 Guard Tower
36:44 Elite Monaspa
38:27 Blast Furnace
39:43 Scale Barding Armor
39:34 Bodkin Arrow
39:38 Town Watch
42:23 Chain Barding Armor
42:04 Bracer
43:20 Keep
44:53 Murder Holes
Sanguinius7193
0:51 Loom
13:42 Feudal Age
15:28 Fishing Lines
17:55 Castle Age
18:03 Fletching
18:34 Padded Archer Armor
18:35 Scale Mail Armor
19:17 Gillnets
20:40 Squires
20:59 Chain Mail Armor
22:36 Forging
23:08 Wheelbarrow
24:23 Iron Casting
25:33 Bodkin Arrow
SHREDDER6000
1:58 Loom
12:41 Feudal Age
18:11 Castle Age
16:52 Gold Mining
17:08 Double-Bit Axe
18:14 Stone Mining
20:02 Stone Shaft Mining
19:57 Bow Saw
21:08 Scale Mail Armor
21:47 Forging
22:10 Horse Collar
23:40 Chain Mail Armor
25:11 Heavy Plow
26:06 Iron Casting
27:09 Anarchy
30:53 Squires
41:12 Imperial Age
39:18 Wheelbarrow
38:32 Town Watch
38:53 Fletching
41:34 Bodkin Arrow
41:56 Perfusion
42:22 Bodkin Arrow
44:09 Blast Furnace
MapacheZebra
2:01 Loom
12:53 Feudal Age
13:13 Man-at-Arms
17:47 Wheelbarrow
28:21 Double-Bit Axe
33:34 Gold Mining
34:26 Stone Mining
37:48 Horse Collar
45:01 Castle Age
45:39 Pikeman
47:32 Heavy Plow
Bovine
10:57 Feudal Age
11:41 Double-Bit Axe
13:04 Loom
31:13 Castle Age
31:47 Wheelbarrow
31:56 Stone Mining
32:28 Bow Saw
37:31 Husbandry
37:41 Bloodlines
37:53 Town Watch
39:00 Thumb Ring
41:33 Hand Cart
41:33 Fletching
42:14 Horse Collar
43:52 Corvinian Army
44:39 Town Patrol
45:59 Ballistics
45:54 Gold Mining
46:19 Scale Barding Armor
46:11 Bodkin Arrow
47:26 Caravan
49:31 Masonry
49:17 Murder Holes
WillY
12:12 Feudal Age
12:28 Loom
13:43 Wheelbarrow
12:56 Double-Bit Axe
12:53 Horse Collar
20:32 Castle Age
21:57 Hand Cart
22:44 Bow Saw
24:25 Stone Mining
24:49 Heavy Plow
28:31 Fervor
27:47 Crossbowman
28:33 Thumb Ring
33:55 Imperial Age
33:35 Gold Mining
34:59 Conscription
36:07 Two-Man Saw
36:49 Husbandry
36:13 Elite Tarkan
36:55 Marauders
36:58 Town Watch
37:23 Scale Barding Armor
37:28 Forging
37:33 Caravan
39:57 Iron Casting
39:43 Chain Barding Armor
39:39 Bloodlines
41:12 Gold Shaft Mining
43:27 Sappers
43:21 Elite Skirmisher
44:46 Plate Barding Armor
45:24 Blast Furnace
44:14 Fletching
47:39 Bodkin Arrow
48:52 Coinage
48:32 Guilds
Gilmarq97
5:34 Loom
10:22 Feudal Age
17:51 Castle Age
17:19 Scale Barding Armor
17:34 Bloodlines
17:44 Double-Bit Axe
21:14 Wheelbarrow
20:26 Town Watch
23:32 Town Patrol
27:07 Horse Collar
32:10 Hand Cart
35:22 Imperial Age
34:40 Fervor
36:34 Conscription
36:21 Husbandry
36:33 Forging
36:15 Fletching
37:04 Elite Monaspa
41:13 Iron Casting
40:59 Chain Barding Armor
43:18 Aznauri Cavalry
49:43 Blast Furnace
49:19 Plate Barding Armor
48:40 Bodkin Arrow
Shield
0:37 Loom
12:15 Feudal Age
17:27 Castle Age
15:49 Double-Bit Axe
15:44 Horse Collar
16:54 Scale Barding Armor
17:37 Forging
19:41 Bloodlines
19:33 Husbandry
24:11 Town Watch
24:50 Bow Saw
26:48 Fervor
27:16 Coinage
28:16 Chain Barding Armor
28:50 Wheelbarrow
28:38 Town Patrol
30:19 Iron Casting
31:06 Heavy Plow
32:02 Hand Cart
35:38 Imperial Age
35:47 Imperial Age
34:29 Stone Mining
34:30 Gold Mining
35:20 Padded Archer Armor
35:23 Cavalier
36:40 Plate Barding Armor
37:06 Blast Furnace
36:39 Crop Rotation
37:09 Two-Man Saw
36:46 Gold Shaft Mining
36:47 Stone Shaft Mining
36:33 Savar
38:28 Conscription
39:07 Leather Archer Armor
39:54 Chemistry
39:15 Ballistics
42:00 Ring Archer Armor
43:41 Masonry
44:47 Citadels
46:17 Thumb Ring
46:05 Fletching
48:02 Light Cavalry
Connection lost

Rejoining the realm…

Still unreachable

The connection could not be restored.

Session expired

The server has moved on; the page needs a fresh start.